 Dungeon Crawl Stone Soup version 0.26-a0-1184-g95e395e029 (webtiles) character file.

Game seed: 11349107731268958395

11036 jestyr24 the Blocker (level 11, -2/99 HPs)
             Began as a Minotaur Berserker on Dec 27, 2020.
             Was the Champion of Trog.
             Slain by Snorg (8 damage)
             ... on level 10 of the Dungeon.
             The game lasted 00:57:34 (10712 turns).

jestyr24 the Blocker (Minotaur Berserker)          Turns: 10712, Time: 00:57:35

Health: -2/99      AC: 19    Str: 30    XL:     11   Next: 44%
Magic:  19/19      EV: 15    Int: 10    God:    Trog [******]
Gold:   727        SH:  0    Dex:  8    Spells: 10/10 levels left

rFire    . . .     SeeInvis .   I - +3 broad axe (flame)
rCold    . . .     Faith    +   F - +0 kite shield
rNeg     . . .     Spirit   .   H - +2 swamp dragon scales of Xaggyteu {rPois Regen+ Int+4 Dex-3}
rPois    +         Reflect  .   (helmet restricted)
rElec    .         Harm     .   w - +0 cloak
rCorr    .         Rampage  .   n - +0 pair of gloves
Will     .....                  r - +1 pair of boots
Stlth    ..........             G - amulet of faith
HPRegen  0.66/turn              y - +6 ring of strength
MPRegen  0.16/turn              R - ring of magical power

@: confused, berserk cooldown, slowed, very slow
A: retaliatory headbutt, horns 2, repulsion field 1, molten scales 1, clever 1,
poison resistance
a: Renounce Religion, Berserk, Trog's Hand, Brothers in Arms


You were on level 10 of the Dungeon.
You worshipped Trog.
Trog was exalted by your worship.
You visited 1 branch of the dungeon, and saw 10 of its levels.
You also visited: Sewer.

You collected 727 gold pieces.

Inventory:

Hand Weapons
 a - a cursed -2 war axe
 h - a +1 glaive of protection
 s - a +3 hand axe
 u - a +6 spear
 B - a +1 battleaxe
 I - a +3 broad axe of flaming (weapon)
 K - a +0 hand axe of flaming
 O - a +0 hand crossbow
Missiles
 e - 283 stones
 i - 68 sling bullets
 l - a throwing net
 q - 19 poisoned darts
 v - 11 boomerangs
Armour
 n - a +0 pair of gloves (worn)
 r - a +1 pair of boots (worn)
 w - a +0 cloak (worn)
 z - a +0 plate armour
 F - a +0 kite shield (worn)
 H - the +2 swamp dragon scales of Xaggyteu (worn) {rPois Regen+ Int+4 Dex-3}
   (You found it on level 7 of the Dungeon)

   It affects your intelligence (+4).
   It affects your dexterity (-3).
   It protects you from poison.
   It increases your rate of regeneration.
Jewellery
 x - an uncursed amulet of guardian spirit
 y - a +6 ring of strength (left hand)
 G - an amulet of faith (around neck)
 R - a ring of magical power (right hand)
Wands
 c - a wand of polymorph (9)
 p - a wand of enslavement (10)
 t - a wand of flame (49)
 N - a wand of digging (7)
 S - a wand of paralysis (9)
Scrolls
 f - 3 scrolls of enchant weapon
 g - 8 scrolls of remove curse
 k - 11 scrolls of identify
 o - 5 scrolls of teleportation
 A - a scroll of fear
 J - a scroll of enchant armour
 M - a scroll of fog {unknown}
Potions
 b - a potion of magic
 d - 4 potions of invisibility
 j - 5 potions of curing
 m - a potion of mutation
 C - 4 potions of flight
 D - 2 potions of resistance
 E - 2 potions of berserk rage
 L - 3 potions of attraction {unknown}
 Q - a potion of degeneration {unknown}


   Skills:
 - Level 10.0 Fighting
 - Level 7.7 Axes
 - Level 8.8 Armour
 - Level 5.8 Dodging
 + Level 14.1 Shields
 - Level 2.8 Evocations


You had 10 spell levels left.
You didn't know any spells.
Your spell library contained the following spells:

 Spells                   Type           Power        Failure   Level
 Foxfire                  Conj/Fire      0%           50%         1
 Magic Dart               Conj           0%           50%         1
 Searing Ray              Conj           0%           65%         2
 Conjure Flame            Conj/Fire      0%           86%         3
 Dazzling Flash           Conj/Hex       0%           86%         3
 Inner Flame              Hex/Fire       0%           86%         3
 Fulminant Prism          Conj/Hex       0%           99%         4
 Iskenderun's Mystic Bla  Conj/Tloc      0%           99%         4
 Sticky Flame             Conj/Fire      0%           99%         4
 Fireball                 Conj/Fire      0%           100%        5


Dungeon Overview and Level Annotations

Branches:
Dungeon (10/15)            Temple (0/1) D:6            Lair (0/6) D:8
  Sewer (visited)
    Orc: D:9-12

Altars:
Kikubaaqudgha
Qazlal
Ru
Trog
Vehumet
Yredelemnul
The Shining One

Shops:
D:6 [==:

Annotations:
D:6 2 transporters
D:10 Snorg


Innate Abilities, Weirdness & Mutations

You reflexively headbutt those who attack you in melee.
You have a pair of horns on your head.
You are surrounded by a mild repulsion field. (EV +2)
You are partially covered in molten scales. (AC +2)
Your mind is acute. (Int +2)
Your system is resistant to poisons. (rPois)


Message History

Snorg claws you but does no damage. Snorg completely misses you.
Snorg bites you but does no damage. Snorg claws you but does no damage.
Snorg completely misses you.
You're too confused to move!
Snorg bites you!
* * * LOW HITPOINT WARNING * * *
Snorg claws you but does no damage. Snorg closely misses you. x2
Snorg claws you.
* * * LOW HITPOINT WARNING * * *
Snorg claws you but does no damage.
Okay, then.
You are too confused!
You slash Snorg! You burn Snorg. Your headbutt misses Snorg.
Snorg is severely wounded.
Snorg bites you but does no damage. Snorg claws you but does no damage.
Snorg barely misses you. Snorg misses you. Snorg claws you!
* * * LOW HITPOINT WARNING * * *
Snorg claws you but does no damage. Snorg bites you!
* * * LOW HITPOINT WARNING * * *
Snorg barely misses you. Snorg claws you!
You die...

# ## .# .. .. # . .
#. .# .. .##. .#
... ###.. .# ..>.
#?..#.# #
.....###T.# #.
....[..@##.#. .#
......#.# .#.#
/.......###...#
.###.###...# #. #.#
#.#.# # #
#..##...###.. #.
#.............
#.######....#####..
...# #.####


You could see Snorg (berserk).

Vanquished Creatures
  Fannar (D:10)
  A two-headed ogre (D:9)
  Pikel (D:7)
  Maggie (D:8)
  A komodo dragon (D:8)
  3 trolls
  7 yaks
  Grum (D:8)
  Menkaure (D:7)
  3 ice beasts
  9 orc warriors
  3 sky beasts
  A phantom (D:7)
  7 ogres
  4 wolves (D:8)
  6 centaurs
  A lemure (D:6)
  A big kobold (D:7)
  7 bullfrogs
  A wyvern zombie (D:8)
  2 wyvern skeletons
  A water moccasin zombie (D:3)
  4 scorpions
  13 wights
  5 howler monkeys
  3 bullfrog zombies
  2 quasits
  A centaur zombie (D:10)
  2 hounds
  Crazy Yiuf (D:3)
  2 jellies
  10 orc priests
  10 orc wizards
  Jessica (D:2)
  3 iguanas
  Ijyb (D:3)
  Terence (D:2)
  6 worker ants
  2 hound skeletons
  A mummy (D:7)
  A worker ant zombie (D:8)
  Robin (D:4)
  A howler monkey skeleton (D:6)
  14 gnolls
  14 adders
  A shadow imp (D:7)
  An ufetubus (D:7)
  6 oozes
  2 adder skeletons
  7 worms
  A dart slug (D:3)
  7 leopard geckos
  33 orcs
  8 giant cockroaches
  6 hobgoblins
  15 jackals
  12 kobolds
  5 quokkas
  6 ball pythons
  8 bats
  11 frilled lizards
  15 goblins
  A leopard gecko skeleton (D:6)
  10 rats
317 creatures vanquished.

Vanquished Creatures (collateral kills)
  A wraith (D:7)
  5 humans (D:7)
  2 orc wizards (D:7)
  A worker ant (D:7)
  A white imp (D:7)
  3 orcs (D:7)
13 creatures vanquished.

Vanquished Creatures (others)
  An adder zombie (D:6)
  25 plants
26 creatures vanquished.

Grand Total: 356 creatures vanquished

Notes
Turn   | Place    | Note
-------+----------+-------------------------------------------
     0 | D:1      | jestyr24 the Minotaur Berserker began the quest for the
                  | Orb.
     0 | D:1      | Reached XP level 1. HP: 19/19 MP: 0/0
   188 | D:1      | Reached XP level 2. HP: 27/27 MP: 1/1
   720 | D:1      | Reached ** piety under Trog
   721 | D:1      | Reached XP level 3. HP: 31/34 MP: 2/2
  1528 | D:2      | Noticed Jessica
  1531 | D:2      | Noticed Terence
  1540 | D:2      | Killed Jessica
  1541 | D:2      | Reached XP level 4. HP: 9/41 MP: 3/3
  1544 | D:2      | Killed Terence
  1545 | D:2      | Reached skill level 5 in Fighting
  1859 | D:2      | Reached XP level 5. HP: 40/48 MP: 4/4
  2337 | D:3      | Noticed Ijyb
  2361 | D:3      | Killed Ijyb
  2367 | D:3      | Reached *** piety under Trog
  2704 | D:3      | Found a radiant altar of Vehumet.
  2716 | D:3      | Reached skill level 5 in Armour
  2716 | D:3      | Reached XP level 6. HP: 43/57 MP: 5/5
  3323 | D:3      | Found a runed translucent door.
  3324 | D:3      | Noticed Crazy Yiuf
  3333 | D:3      | Killed Crazy Yiuf
  3610 | D:4      | Noticed Robin
  3634 | D:4      | Killed Robin
  3765 | D:4      | Noticed a sky beast
  3780 | D:4      | Killed a sky beast
  3781 | D:4      | Reached XP level 7. HP: 48/63 MP: 6/6
  4552 | D:4      | Found a glowing golden altar of the Shining One.
  4553 | D:4      | Found a sacrificial altar of Ru.
  4639 | D:4      | Reached **** piety under Trog
  4732 | D:4      | Found a stormy altar of Qazlal.
  4905 | D:5      | Entered Level 5 of the Dungeon
  5093 | D:5      | Reached skill level 5 in Dodging
  5097 | D:5      | Reached XP level 8. HP: 64/73 MP: 7/7
  5635 | D:5      | Gained mutation: You are partially covered in molten
                  | scales. (AC +2) [potion of mutation]
  5635 | D:5      | Gained mutation: You are surrounded by a mild repulsion
                  | field. (EV +2) [potion of mutation]
  5635 | D:5      | Gained mutation: Your mind is acute. (Int +2) [potion of
                  | mutation]
  5635 | D:5      | Gained mutation: Your system is resistant to poisons.
                  | (rPois) [potion of mutation]
  5717 | D:5      | Found a bloodstained altar of Trog.
  6263 | D:6      | Found a staircase to the Ecumenical Temple.
  6292 | D:6      | Reached skill level 5 in Axes
  6292 | D:6      | Reached skill level 1 in Evocations
  6309 | D:6      | Reached XP level 9. HP: 12/83 MP: 8/8
  6577 | D:6      | Found Pun Pyi's Jewellery Boutique.
  6580 | D:6      | Found Ezu Ruf's Antique Armour Boutique.
  6580 | D:6      | Found Fer Daih's Book Boutique.
  6588 | D:6      | Found Ehirph's Jewellery Boutique.
  6598 | D:6      | Found a transporter.
  6686 | D:6      | Found a transporter.
  6736 | D:6      | Found a glowing drain.
  6740 | Sewer    | Entered a sewer
  6871 | Sewer    | Reached ***** piety under Trog
  7565 | D:7      | Noticed Pikel
  7597 | D:7      | Killed Pikel
  7598 | D:7      | Reached skill level 10 in Fighting
  7871 | D:7      | Reached skill level 1 in Shields
  7875 | D:7      | Reached skill level 2 in Shields
  7931 | D:7      | Reached skill level 3 in Shields
  7944 | D:7      | Reached skill level 4 in Shields
  7946 | D:7      | Found a transporter.
  7975 | D:7      | Noticed Menkaure
  7975 | D:7      | Found a basalt altar of Yredelemnul.
  7975 | D:7      | Found an ancient bone altar of Kikubaaqudgha.
  7977 | D:7      | Found a transporter.
  7981 | D:7      | Killed Menkaure
  7982 | D:7      | Reached skill level 5 in Shields
  8005 | D:7      | Got opal-studded swamp dragon scales
  8016 | D:7      | Identified the +2 swamp dragon scales of Xaggyteu {rPois
                  | Regen+ Int+4 Dex-3} (You found it on level 7 of the
                  | Dungeon)
  8347 | D:7      | Reached skill level 6 in Shields
  8347 | D:7      | Reached XP level 10. HP: 93/93 MP: 9/9
  8362 | D:7      | Reached skill level 7 in Shields
  8581 | D:7      | Received a gift from Trog
  8704 | D:8      | Noticed Maggie
  8713 | D:8      | Killed Maggie
  8714 | D:8      | Reached skill level 8 in Shields
  8976 | D:8      | Reached skill level 9 in Shields
  9138 | D:8      | Reached skill level 10 in Shields
  9139 | D:8      | Noticed Grum
  9146 | D:8      | Killed Grum
  9515 | D:8      | Found a staircase to the Lair.
  9530 | D:8      | Reached skill level 11 in Shields
  9847 | D:9      | Reached skill level 12 in Shields
 10033 | D:9      | Reached XP level 11. HP: 99/99 MP: 10/10
 10105 | D:9      | Noticed a two-headed ogre
 10111 | D:9      | Killed a two-headed ogre
 10199 | D:9      | Reached ****** piety under Trog
 10204 | D:9      | Reached skill level 13 in Shields
 10644 | D:10     | Entered Level 10 of the Dungeon
 10674 | D:10     | Noticed Fannar
 10685 | D:10     | Killed Fannar
 10686 | D:10     | Noticed Snorg
 10688 | D:10     | Received a gift from Trog
 10695 | D:10     | Reached skill level 14 in Shields
 10712 | D:10     | Slain by Snorg

Illustrated notes

Levels and vault maps discovered:
D:1:      minmay_arrival_wavy_path, layout_basic, minmay_misc_feat_five,
          serial_bayou_pond_a
D:2:      layout_loops_corners, minmay_pentomino_pile, uniq_jessica,
          uniq_terence
D:3:      layout_basic, vehumet_crystals, uniq_crazy_yiuf_cottage, uniq_ijyb
D:4:      layout_loops_corners, kennysheep_mini_moat,
          gammafunk_temple_overflow_statue, overflow_temple_1_default,
          grunt_ministairs_7, uniq_robin
D:5:      layout_basic, lemuel_crystal_altar
D:6:      gammafunk_cloud_chamber, layout_basic, minmay_temple_entry_ruins,
          gup_sewer_entry_bowl, grunt_decor_clamped, minmay_shop_grid_forest,
          sword_in_stone
D:7:      layout_basic, gammafunk_temple_of_torment, minivault_1,
          minmay_ruffians, uniq_pikel
D:8:      layout_basic, david_lair_shrubbed, uniq_grum, uniq_maggie
D:9:      layout_stronghold, chequers_serial_rivers_micro_d, lemuel_flame_loot_1
D:10:     layout_roguey, minmay_starry_boxes, uniq_snorg, uniq_fannar, uniq_urug

Skill      XL: |  1  2  3  4  5  6  7  8  9 10 11 |
---------------+----------------------------------+-----
Axes           | 4 5 7 |  7.7
Fighting       | 4 5 6 7 9 10 | 10.0
Armour         | 3 5 6 7 8 |  8.8
Dodging        | 3 4 5 |  5.8
Evocations     | 1 2 |  2.8
Shields        | 6 12 14 | 14.1

Action                   |  1- 3 |  4- 6 |  7- 9 | 10-12 || total
-------------------------+-------+-------+-------+-------++-------
Melee: Hand axe          |    81 |   175 |   139 |    12 ||   407
       Headbutt          |    13 |    26 |    55 |    54 ||   148
       Battleaxe         |       |       |   102 |       ||   102
       Broad axe         |       |       |       |   227 ||   227
Invok: Berserk           |       |     3 |     7 |     2 ||    12
       Brothers in Arms  |       |       |     1 |       ||     1
  Use: Scroll            |       |       |    13 |     1 ||    14
       Potion            |       |       |     4 |     1 ||     5
Armor: Animal skin       |     9 |       |       |       ||     9
       Ring mail         |    21 |    80 |    48 |       ||   149
       Chain mail        |       |       |    31 |       ||    31
       Swamp dragon scal |       |       |     5 |   107 ||   112
Dodge: Dodged            |    41 |   125 |   191 |   164 ||   521
Block: Kite shield       |       |       |    24 |   177 ||   201

Table legend: (Time is in decaauts)
 A = Elapsed time spent in this place.
 B = Non-inter-level travel time spent in this place.
 C = Inter-level travel time spent in this place.
 D = Time resting spent in this place.
 E = Time spent auto-exploring this place.
 F = Levels seen in this place.
 G = Mean time per level.
                   A        B        C        D        E       F      G
               +--------+--------+--------+--------+--------+-----+--------+
         Total |  11015 |  10760 |    255 |   2115 |   4846 |  11 | 1001.4 |
       Dungeon |  10631 |  10376 |    255 |   2115 |   4846 |  10 | 1063.1 |
         Sewer |    383 |    383 |      0 |      0 |      0 |   1 |  383.0 |
               +--------+--------+--------+--------+--------+-----+--------+

Top non-repeatable levels by time:
     D:2: 1383 daAuts
     D:4: 1376 daAuts
     D:6: 1376 daAuts
     D:5: 1340 daAuts
     D:3: 1298 daAuts
     D:9: 1049 daAuts
     D:8: 974 daAuts
     D:1: 915 daAuts
     D:7: 839 daAuts
   Sewer: 383 daAuts
    D:10: 76 daAuts
